 Dungeon Crawl Stone Soup version 0.31.0 (webtiles) character file.

Game seed: 8840937077056830431

2569 qw the Skirmisher (level 9, -4/57 HPs)
             Began as a Gargoyle Hunter on Jan 19, 2024.
             Was a Believer of Okawaru.
             Slain by a gnoll sergeant
             ... wielding a +1 trident of freezing
              (6 damage)
             ... on level 7 of the Dungeon.
             The game lasted 00:00:29 (5287 turns).

qw the Skirmisher (Gargoyle Hunter)                 Turns: 5287, Time: 00:00:29

Health: -4/57      AC: 15    Str: 14    XL:     9   Next: 57%
Magic:  12/12      EV: 11    Int: 11    God:    Okawaru [**....]
Gold:   143        SH:  0    Dex: 17    Spells: 8/8 levels left

rFire   . . .        k - +0 arbalest
rCold   . . .        (shield currently unavailable)
rNeg    + . .        g - +0 ring mail
rPois   inf          j - +0 helmet
rElec   +            (no cloak)
rCorr   .            i - +0 pair of gloves
SInv    .            h - +0 pair of boots
Will    .....        (no amulet)
Stlth   +            (no ring)
HPRegen 0.29/turn    (no ring)
MPRegen 0.13/turn

%: no passive effects
@: about to teleport
A: sickness immunity, AC +6, negative energy resistance 1, electricity
resistance, torment resistance 1, petrification resistance
a: Renounce Religion, Heroism


You were on level 7 of the Dungeon.
You worshipped Okawaru.
Okawaru was pleased with you.
You visited 2 branches of the dungeon, and saw 8 of its levels.

You collected 443 gold pieces.
You spent 300 gold pieces at shops.


Innate Abilities, Weirdness & Mutations

You are immune to sickness and miasma.
Your stone body is resilient. (AC +6)
You are immune to poison.
You resist negative energy. (rN+)
You are resistant to electric shocks. (rElec)
You are resistant to unholy torment.
You are immune to petrification.


   Skills:
 - Level 7.0 Fighting
 + Level 10.5 Ranged Weapons
 - Level 3.2 Armour
 - Level 2.1 Dodging
 - Level 1.1 Stealth
 - Level 4.2 Invocations


You had 8 spell levels left.
You didn't know any spells.
Your spell library was empty.

Inventory:

Hand Weapons
 k - a +0 arbalest (weapon)
Armour
 g - a +0 ring mail (worn)
 h - a +0 pair of boots (worn)
 i - a +0 pair of gloves (worn)
 j - a +0 helmet (worn)
Jewellery
 c - a ring of fire
Wands
 a - a wand of polymorph (12)
 l - a wand of light (13)
Scrolls
 f - 3 scrolls of teleportation
 m - a scroll of enchant armour {unknown}
 n - a scroll of summoning {unknown}
 o - a scroll of identify
Potions
 b - a potion of might
 d - a potion of mutation {unknown}
 e - 7 potions of curing

Dungeon Overview and Level Annotations

Branches:
Dungeon (7/15)             Temple (1/1) D:4

Altars:
Ashenzari
Cheibriados
Dithmenos
Elyvilon
Fedhas
Gozag
Kikubaaqudgha
Makhleb
Nemelex Xobeh
Okawaru
Qazlal
Ru
Sif Muna
Trog
Uskayaw
Vehumet
Wu Jian
Yredelemnul
Zin
The Shining One

Shops:
D:1 =   D:6 =


Message History

You shoot a bolt. The bolt hits the orc warrior.
You kill the orc warrior!
Okawaru accepts your kill. The orc barely misses you.
The gnoll sergeant hits you but does no damage.
The orc misses you. The gnoll sergeant closely misses you.
Your Fighting skill increases to level 7!
You shoot a bolt. The bolt barely misses the orc.
The orc barely misses you.
The gnoll sergeant completely misses you.
You shoot a bolt. The bolt barely misses the orc.
The orc closely misses you.
The gnoll sergeant hits you but does no damage.
The orc hits you with a +0 falchion.
The gnoll sergeant hits you from afar with a +1 trident of freezing!
The gnoll sergeant freezes you.
You shoot a bolt. The bolt hits the orc!
You kill the orc!
Okawaru accepts your kill.
The gnoll sergeant hits you from afar with a +1 trident of freezing.
The gnoll sergeant freezes you.
You shoot a bolt.
The bolt hits the gnoll sergeant but does no damage.
The gnoll sergeant hits you but does no damage. x2
You shoot a bolt.
The bolt hits the gnoll sergeant but does no damage.
The gnoll sergeant hits you but does no damage.
You shoot a bolt.
The bolt barely misses the gnoll sergeant.
The gnoll sergeant hits you from afar with a +1 trident of freezing!
The gnoll sergeant freezes you.
The gnoll sergeant hits you but does no damage.
5286 ||| READING 4 scrolls of teleportation.
As you read the scroll of teleportation, it crumbles to dust.
You feel strangely unstable. The gnoll sergeant closely misses you.
You shoot a bolt. The bolt hits the gnoll sergeant!
The gnoll sergeant is heavily wounded.
The gnoll sergeant hits you from afar with a +1 trident of freezing.
You die...

#..........###.#
####........
........##.....##
##.####.#
#..#######......###
#.# #.. # ####.#...##
#.# ### #...###..# #.#
# #.### #..###.######
##.# ##...........
###.)######...#~######
#...)@.............#
#..#g#..#####.......#
#..##.##.# ##........#
#goo..###.........#
#.g#..##..#.###..##
#..#......#.# ..#
#.g##....##.. ....
#..##....##... .
#...##..##^...)


You could see a gnoll sergeant.

Vanquished Creatures
  A cyclops (D:7)
  A water moccasin (D:5)
  An orc warrior (D:7)
  2 black bears
  2 sky beasts
  An ice beast (D:6)
  An ogre (D:4)
  3 phantoms
  2 bullfrogs (D:7)
  A gnoll sergeant (D:5)
  2 jellies (D:5)
  3 orc priests (D:5)
  2 bombardier beetles
  6 hounds
  A sleepcap (D:4)
  3 iguanas
  4 orc wizards
  10 adders
  13 gnolls
  A white imp (D:7)
  6 ufetubi
  12 dart slugs
  4 ribbon worms
  20 orcs
  2 bats (D:2)
  7 endoplasms
  5 giant cockroaches
  9 goblins
  6 hobgoblins
  5 quokkas
  8 ball pythons
  4 frilled lizards
  8 kobolds
  8 rats
164 creatures vanquished.

Notes
Turn   | Place    | Note
-------+----------+-------------------------------------------
     0 | D:1      | qw the Gargoyle Hunter began the quest for the Orb.
     0 | D:1      | Reached XP level 1. HP: 12/12 MP: 1/1
     0 | D:1      | 0 ||| qw: Version: 0.3-a-132-g3d54051
     0 | D:1      | 0 ||| qw: Game counter: 276
     0 | D:1      | 0 ||| qw: Melee chars always use a shield: true
     0 | D:1      | 0 ||| qw: God list: Okawaru
     0 | D:1      | 0 ||| qw: Allow faded altars: false
     0 | D:1      | 0 ||| qw: Do Orc after clearing Dungeon:15 true
     0 | D:1      | 0 ||| qw: Do second Lair branch before Depths: true
     0 | D:1      | 0 ||| qw: Lair rune preference: random
     0 | D:1      | 0 ||| qw: Goals: Normal
     0 | D:1      | 0 ||| PLANNING D:1-11
   114 | D:1      | Reached XP level 2. HP: 17/17 MP: 2/2
   151 | D:1      | Found Ymijymoi's Jewellery Emporium.
   160 | D:1      | 160 ||| SHOPLISTING +4 ring of slaying (1092 gold, have
                  | 36).
   160 | D:1      | 160 ||| SHOPLISTING +6 ring of strength (504 gold, have
                  | 36).
   160 | D:1      | 160 ||| SHOPLISTING ring "Feffa" {rF+ Will+} (526 gold,
                  | have 36).
   160 | D:1      | 160 ||| SHOPLISTING ring of ice (350 gold, have 36).
   160 | D:1      | 160 ||| SHOPLISTING ring of see invisible (210 gold, have
                  | 36).
   330 | D:1      | Reached skill level 5 in Ranged Weapons
   330 | D:1      | Reached XP level 3. HP: 21/21 MP: 3/3
   902 | D:1      | 902 ||| UPGRADING to +0 ring mail.
   912 | D:1      | 912 ||| DROPPING +0 leather armour.
   913 | D:1      | 913 ||| UPGRADING to +0 pair of gloves.
   918 | D:1      | 918 ||| READING scroll labelled SUKEDUJ ASEEMO.
   921 | D:1      | 921 ||| READING scroll labelled MIROGRU QOALA.
   922 | D:1      | 922 ||| READING scroll labelled WUOKO LEHUVOE.
   922 | D:1      | 922 ||| IDENTIFYING 5 blue potions
   923 | D:1      | 923 ||| READING scroll labelled YPIEH LURAHYOD.
  1024 | D:1      | 1024 ||| READING scroll labelled LOOTIS QOQALO.
  1025 | D:1      | 1025 ||| DROPPING scroll of butterflies.
  1054 | D:2      | Reached skill level 1 in Armour
  1087 | D:2      | Reached XP level 4. HP: 24/27 MP: 4/4
  1093 | D:2      | Reached skill level 3 in Fighting
  1550 | D:2      | 1550 ||| UPGRADING to +0 helmet.
  1555 | D:2      | 1555 ||| READING 2 scrolls of identify.
  1555 | D:2      | 1555 ||| IDENTIFYING viscous dark potion
  1556 | D:2      | 1556 ||| READING scroll of identify.
  1556 | D:2      | 1556 ||| IDENTIFYING bubbling clear potion
  1557 | D:2      | 1557 ||| READING scroll labelled RAZXEM ATAD.
  1557 | D:2      | 1557 ||| ENCHANTING +0 shortbow.
  1558 | D:2      | 1558 ||| READING scroll labelled BICAATSO ALLAN.
  1559 | D:2      | 1559 ||| DROPPING potion of degeneration.
  1596 | D:3      | 1596 ||| PLANNING SEWER
  1710 | D:3      | Reached XP level 5. HP: 29/32 MP: 5/5
  1715 | D:3      | 1715 ||| FLEEEEING.
  2007 | D:3      | 2007 ||| SWAPPING to +0 arbalest.
  2008 | D:3      | 2008 ||| DROPPING +1 shortbow.
  2075 | D:3      | Reached skill level 6 in Ranged Weapons
  2093 | D:3      | 2093 ||| FLEEEEING.
  2119 | D:3      | Found a bloodstained altar of Trog.
  2215 | D:3      | 2215 ||| RIP SEWER
  2216 | D:3      | 2216 ||| PLANNING D:1-11
  2216 | D:3      | 2216 ||| FLEEEEING.
  2226 | D:3      | 2226 ||| READING scroll of identify.
  2226 | D:3      | 2226 ||| IDENTIFYING fuming emerald potion
  2227 | D:3      | 2227 ||| FLEEEEING.
  2237 | D:3      | 2237 ||| READING 2 scrolls labelled ARAR OS QEC.
  2238 | D:3      | 2238 ||| FLEEEEING.
  2261 | D:3      | 2261 ||| FLEEEEING.
  2262 | D:3      | 2262 ||| FLEEEEING.
  2269 | D:3      | 2269 ||| STAIRDANCE
  2371 | D:2      | 2371 ||| READING 2 scrolls labelled FEN HYTEYNU.
  2372 | D:2      | 2372 ||| DROPPING scroll of silence.
  2373 | D:2      | 2373 ||| DROPPING scroll of fear.
  2374 | D:2      | 2374 ||| DROPPING potion of brilliance.
  2655 | D:4      | 2655 ||| STAIRDANCE
  2687 | D:4      | Noticed a phantom
  2691 | D:4      | 2691 ||| RETREEEEATING.
  2692 | D:4      | Killed a phantom
  2693 | D:4      | Reached XP level 6. HP: 39/39 MP: 6/6
  2828 | D:4      | Found a stormy altar of Qazlal.
  2831 | D:4      | Found a glowing silver altar of Zin.
  2923 | D:4      | Reached skill level 7 in Ranged Weapons
  2923 | D:4      | Reached XP level 7. HP: 44/44 MP: 7/7
  2983 | D:4      | Found a broken altar of Ashenzari.
  2983 | D:4      | Found an ornate altar of the Wu Jian Council.
  2984 | D:4      | Found a sparkling altar of Nemelex Xobeh.
  3189 | D:4      | Found a staircase to the Ecumenical Temple.
  3191 | D:4      | 3191 ||| PLANNING TEMPLE
  3191 | D:4      | 3191 ||| READING scroll labelled LOERYUDEJO.
  3192 | D:4      | 3192 ||| DRINKING 2 fizzy dark potions.
  3201 | Temple   | Entered the Ecumenical Temple
  3202 | Temple   | 3202 ||| PLANNING OKAWARU WORSHIP
  3232 | Temple   | Became a worshipper of Warmaster Okawaru
  3233 | Temple   | 3233 ||| PLANNING D:1-11
  3320 | D:5      | Entered Level 5 of the Dungeon
  3347 | D:5      | 3347 ||| FLEEEEING.
  3499 | D:5      | Reached skill level 8 in Ranged Weapons
  3499 | D:5      | 3499 ||| FLEEEEING.
  3622 | D:5      | 3622 ||| RETREEEEATING.
  3624 | D:5      | 3624 ||| RETREEEEATING.
  3634 | D:5      | Reached XP level 8. HP: 44/49 MP: 8/8
  3722 | D:5      | Reached * piety under Okawaru
  3730 | D:5      | 3730 ||| DRINKING 7 potions of curing.
  3730 | D:5      | 3730 ||| (to cure confusion)
  3791 | D:5      | Reached skill level 1 in Invocations
  3791 | D:5      | 3791 ||| FLEEEEING.
  3867 | D:5      | 3867 ||| INVOKING Heroism.
  3868 | D:5      | 3868 ||| RETREEEEATING.
  3870 | D:5      | 3870 ||| RETREEEEATING.
  3871 | D:5      | 3871 ||| RETREEEEATING.
  3872 | D:5      | 3872 ||| RETREEEEATING.
  3873 | D:5      | HP: 11/49 [black bear (5)]
  3874 | D:5      | 3874 ||| READING 3 scrolls of teleportation.
  3875 | D:5      | 3875 ||| DRINKING potion of heal wounds.
  3877 | D:5      | Reached skill level 9 in Ranged Weapons
  4046 | D:5      | Reached skill level 3 in Invocations
  4245 | D:5      | 4245 ||| FLEEEEING.
  4430 | D:5      | 4430 ||| UPGRADING to +0 pair of boots.
  4435 | D:5      | 4435 ||| READING scroll of identify.
  4435 | D:5      | 4435 ||| IDENTIFYING white potion
  4436 | D:5      | 4436 ||| READING scroll labelled XIPRUEM FYWUM.
  4437 | D:5      | 4437 ||| DROPPING potion of lignification.
  4462 | D:6      | Found Neempepi's Jewellery Emporium.
  4476 | D:6      | 4476 ||| SHOPLISTING +6 ring of dexterity (432 gold, have
                  | 378).
  4476 | D:6      | 4476 ||| SHOPLISTING +6 ring of strength (432 gold, have
                  | 378).
  4476 | D:6      | 4476 ||| SHOPLISTING amulet of faith (480 gold, have 378).
  4476 | D:6      | 4476 ||| SHOPLISTING ring of Biklitwe {Wiz Will+ Dex+3}
                  | (586 gold, have 378).
  4476 | D:6      | 4476 ||| BUYING ring of fire (300 gold).
  4476 | D:6      | Bought a ring of fire for 300 gold pieces
  4476 | D:6      | 4476 ||| SHOPLISTING ring of resist corrosion (240 gold,
                  | have 78).
  4491 | D:6      | Found a burning altar of Makhleb.
  4604 | D:6      | 4604 ||| ZAPPING wand of light (14) at -2,2 (black bear;
                  | floor).
  4605 | D:6      | Reached skill level 3 in Armour
  4629 | D:6      | Reached ** piety under Okawaru
  4697 | D:6      | Reached skill level 6 in Fighting
  4697 | D:6      | Reached XP level 9. HP: 55/55 MP: 12/12
  4901 | D:7      | 4901 ||| STAIRDANCE
  4949 | D:7      | Noticed a cyclops
  4950 | D:7      | 4950 ||| INVOKING Heroism.
  4951 | D:7      | 4951 ||| FLEEEEING.
  4952 | D:7      | 4952 ||| FLEEEEING.
  4953 | D:7      | 4953 ||| FLEEEEING.
  4954 | D:7      | 4954 ||| FLEEEEING.
  4977 | D:7      | 4977 ||| FLEEEEING.
  4978 | D:7      | 4978 ||| FLEEEEING.
  4979 | D:7      | 4979 ||| STAIRDANCE
  5064 | D:7      | 5064 ||| INVOKING Heroism.
  5068 | D:7      | Killed a cyclops
  5069 | D:7      | Reached skill level 10 in Ranged Weapons
  5264 | D:7      | 5264 ||| RETREEEEATING.
  5265 | D:7      | 5265 ||| RETREEEEATING.
  5267 | D:7      | 5267 ||| RETREEEEATING.
  5272 | D:7      | 5272 ||| RETREEEEATING.
  5273 | D:7      | 5273 ||| RETREEEEATING.
  5285 | D:7      | HP: 6/57 [gnoll sergeant/+1 trident of freezing (10)]
  5285 | D:7      | HP: 1/57 [gnoll sergeant/+1 trident of freezing (5)]
  5286 | D:7      | 5286 ||| READING 4 scrolls of teleportation.
  5287 | D:7      | Slain by a gnoll sergeant

Levels and vault maps discovered:
D:1:      dpeg_arrival_round_a, layout_loops_ring, serial_shops, shop,
          chequers_serial_rivers_large_a, dk_noncrumbling_2
D:2:      minmay_spotlight, layout_rooms, minmay_small_reverse_x
D:3:      layout_basic, mainiacjoe_overflow_catwalk, gup_sewer_entry_bowl
D:4:      kennysheep_slugbush, layout_rooms, gammafunk_temple_overflow_claw,
          minitemple, minmay_temple_entry_waves, nrook_mini_vaults
D:5:      layout_basic, minmay_misc_feat_roman
D:6:      layout_rooms, mainiacjoe_overflow_chevrons, serial_shops,
          nicolae_diamond_shop
D:7:      layout_rooms, corexii_checkpoint, minmay_misc_feat_x
Temple:   oiseaux_autumnal_temple

Skill      XL: |  1  2  3  4  5  6  7  8  9 |
---------------+----------------------------+-----
Ranged Weapons | 5 6 7 8 9 10 | 10.5
Armour         | 1 2 3 |  3.2
Fighting       | 3 4 5 6 7 |  7.0
Dodging        | 2 |  2.1
Invocations    | 4 |  4.2
Stealth        | |  1.1

Action                     |  1- 3 |  4- 6 |  7- 9 || total
---------------------------+-------+-------+-------++-------
   Fire: Shortbow          |    90 |   130 |       ||   220
         Arbalest          |       |    61 |   249 ||   310
 Invoke: Heroism           |       |       |     3 ||     3
  Evoke: Wand              |       |       |     1 ||     1
    Use: Scroll            |     5 |     7 |     5 ||    17
         Potion            |       |       |     3 ||     3
 Armour: Leather armour    |    22 |       |       ||    22
         Ring mail         |    14 |    77 |   251 ||   342
  Dodge: Dodged            |    33 |    69 |   202 ||   304

Table legend:
 A = Non-vault XP
 B = Vault XP
 C = Vault XP percentage of total XP
 D = Non-vault monster count
 E = Vault monster count
 F = Vault count percentage of total count
                 A         B        C        D         E       F
            +---------+---------+-------+---------+---------+-------
      Total |    3601 |      70 |   1.9 |     145 |      19 |  11.6
            +---------+---------+-------+---------+---------+-------
        D:1 |      50 |       0 |   0.0 |      23 |       0 |   0.0
        D:2 |      60 |      30 |  33.3 |      14 |       7 |  33.3
        D:3 |      80 |       4 |   4.8 |      26 |       3 |  10.3
        D:4 |     647 |      36 |   5.3 |      28 |       9 |  24.3
        D:5 |    1179 |       0 |   0.0 |      35 |       0 |   0.0
        D:6 |     549 |       0 |   0.0 |       9 |       0 |   0.0
        D:7 |    1036 |       0 |   0.0 |      10 |       0 |   0.0
            +---------+---------+-------+---------+---------+-------
